Map: Orbital Shipyard

Players

Matiz

  • Race: Zerg Zerg
  • League: Master

qxc - Winner!

  • Race: Terran Terran
  • League: Master

Event: Lycan League Weekly August #3

VOD

Have the link to the VOD?

Description

Time

  • Played on: Aug. 17, 2015, 1:49 p.m.
  • Length: 10:45

All games in this series

Show
View Real Time Build Order
Export as new Build Order

Matiz Zerg 

Build Orders: Hatch First 

Get SALT Encoding   

  12  0:02  Drone  
  13  0:13  Overlord  
  13  0:18  Drone  
  14  0:24  Drone, Extractor  
  15  0:32  Drone  
  16  0:36  Drone  
  17  0:53  Hatchery  
  17  0:56  Drone  
  17  0:59  Drone  
  18  1:13  Spawning Pool  
  18  1:15  Drone  
  18  1:19  Drone  
  19  1:30  Drone  
  20  1:42  Hatchery  
  20  1:45  Drone  
  20  1:53  Overlord  
  20  2:00  Queen  
  22  2:07  Queen  
  24  2:11  Zergling x2  
  24  2:14  Zergling x2  
  26  2:18  Zergling x2  
  26  2:20  Drone  
  28  2:25  Drone  
  29  2:31  Drone  
  29  2:34  Overlord  
  29  2:37  Drone  
  29  2:43  Queen  
  32  2:54  Queen  
  32  2:55  Drone  
  32  2:56  Queen  
  37  3:01  Drone x2  
  39  3:11  Drone x4  
  43  3:15  Extractor  
  43  3:16  Drone x2  
  44  3:20  Extractor  
  44  3:21  Extractor  
  44  3:22  Drone x2  
  44  3:32  Roach Warren  
  44  3:33  Queen  
  46  3:39  Drone x4  
  50  3:44  Overlord  
  50  3:54  Extractor  
  50  3:55  Drone  
  50  3:59  Spine Crawler  
  49  4:03  Drone x3  
  49  4:04  Drone x3  
  49  4:09  Overlord  
  55  4:10  Extractor  
  55  4:13  Roach  
  56  4:18  Zergling x2  
  56  4:23  Drone x3  
  58  4:28  Drone x3  
  58  4:29  Drone x2  
  58  4:31  Drone x2  
  61  4:34  Drone x2  
  58  4:38  Drone  
  58  4:40  Drone  
  57  4:55  Drone x2  
  58  5:03  Drone, Overlord  
  58  5:09  Overlord  
  58  5:15  Lair, Overlord  
  58  5:23  Drone x4  
  58  5:24  Drone x4, Overlord  
  66  5:33  Metabolic Boost  
  68  5:35  Roach  
  68  5:36  Roach  
  68  5:37  Baneling Nest  
  68  5:38  Evolution Chamber, Roach  
  68  5:42  Evolution Chamber, Roach  
  71  5:43  Roach  
  71  5:45  Drone  
  71  5:47  Drone  
  71  5:48  Drone x2  
  77  5:53  Drone x4  
  77  5:56  Drone x2  
  83  6:00  Zergling x4  
  83  6:01  Zergling x4  
  87  6:07  Zerg Ground Armor Level 1, Zerg Melee Weapons Level 1  
  87  6:16  Drone x3  
  87  6:17  Spire, Extractor  
  88  6:18  Extractor  
  87  6:27  Overseer  
  87  6:31  Glial Reconstitution  
  87  6:34  Drone x3  
  90  6:41  Overlord x3  
  90  6:49  Overlord x2  
  90  7:00  Overlord  
  90  7:01  Overlord  
  90  7:03  Drone x7  
  90  7:04  Drone x2  
  90  7:05  Roach x3, Zergling x4  
  90  7:08  Baneling  
  107  7:10  Overseer  
  107  7:11  Hatchery  
  106  7:19  Roach x2, Zergling x6  
  106  7:20  Roach, Zergling x2  
  113  7:30  Zergling x8  
  113  7:31  Zergling x6  
  113  7:35  Baneling x4  
  120  7:39  Drone  
  120  7:43  Zergling x2  
  120  7:44  Zergling x8  
  126  7:48  Drone x3  
  126  7:49  Drone  
  129  8:01  Overlord x3  
  129  8:06  Spore Crawler  
  129  8:08  Overlord  
  120  8:15  Mutalisk x4  
  120  8:18  Overlord x3  
  120  8:19  Overlord, Overseer  
  128  8:22  Overseer  
  128  8:26  Mutalisk x2  
  128  8:27  Mutalisk x6  
  142  8:39  Overlord  
  140  8:46  Zergling x2  
  140  8:47  Zergling x8  
  141  9:05  Mutalisk x2  
  141  9:07  Hatchery  
  143  9:10  Pneumatized Carapace  
  143  9:15  Hatchery  
  143  9:16  Zergling x6  
  143  9:17  Zergling x18  
  148  9:19  Baneling x6  
  151  9:36  Corruptor  
  151  9:37  Corruptor  
  155  9:41  Zergling x2  
  155  9:42  Infestation Pit, Zergling x18  
  155  9:44  Baneling x3  
  141  9:55  Zergling x2  
  141  9:56  Zergling x10  
  139  10:00  Zergling x10  
  139  10:07  Zergling x6  
  134  10:14  Baneling x4  
  134  10:15  Baneling x10  
  134  10:16  Zergling x6  
Show
View Real Time Build Order
Export as new Build Order

qxc Terran - Winner!

Build Orders: Hellion Opening, Reaper Expand, Bio Mine 

Get SALT Encoding   

  12  0:01  SCV  
  13  0:13  SCV  
  14  0:17  Supply Depot  
  14  0:25  SCV  
  15  0:39  SCV  
  15  0:41  Barracks  
  16  0:44  Refinery  
  16  0:51  SCV  
  17  1:03  SCV  
  18  1:15  SCV  
  19  1:28  Reaper, Orbital Command  
  20  1:39  Command Center  
  20  1:49  Supply Depot  
  20  1:54  SCV  
  21  2:00  Marine  
  22  2:06  SCV  
  23  2:14  Factory  
  23  2:18  SCV  
  23  2:22  Barracks Reactor  
  24  2:30  SCV  
  25  2:42  Command Center, SCV  
  26  2:52  Orbital Command  
  26  2:54  SCV  
  27  3:06  Hellion x2, Barracks Tech Lab  
  27  3:08  SCV  
  27  3:10  Refinery  
  32  3:18  SCV  
  33  3:21  SCV  
  34  3:27  Hellion x2, Marine  
  34  3:28  Stimpack  
  34  3:31  SCV  
  40  3:35  SCV  
  41  3:43  SCV  
  41  3:45  Engineering Bay  
  41  3:46  Engineering Bay  
  41  3:48  SCV  
  43  3:51  Hellion  
  43  3:55  Hellion  
  47  3:56  SCV  
  47  3:58  Marine  
  47  4:01  Orbital Command  
  49  4:03  SCV  
  49  4:08  SCV  
  51  4:15  SCV  
  52  4:18  Hellion x2, Marine  
  52  4:21  SCV  
  52  4:22  Terran Infantry Weapons Level 1, Terran Infantry Armor Level 1  
  58  4:27  SCV  
  58  4:29  SCV  
  60  4:34  SCV  
  60  4:35  Orbital Command  
  61  4:45  Barracks  
  61  4:46  SCV x2, Refinery, Barracks  
  61  4:49  Refinery  
  61  4:50  Marauder  
  60  4:58  SCV  
  60  4:59  SCV  
  60  5:02  SCV  
  57  5:09  Starport  
  57  5:10  Factory Reactor  
  57  5:11  SCV, Marauder  
  57  5:12  SCV  
  61  5:19  Supply Depot  
  61  5:20  Supply Depot x2  
  61  5:28  Barracks  
  61  5:30  Combat Shields, Barracks  
  61  5:33  SCV x3  
  61  5:34  Marauder  
  61  5:35  Barracks Reactor  
  66  5:42  Bunker  
  66  5:45  SCV x2, Armory  
  66  5:47  SCV  
  66  5:49  Marine x2  
  71  5:57  SCV x2  
  71  5:58  Marauder  
  71  5:59  SCV  
  76  6:05  Supply Depot x2  
  76  6:06  Marine x2  
  76  6:08  Medivac x2  
  76  6:09  SCV x2  
  85  6:11  SCV  
  85  6:14  Factory Reactor, Marine  
  85  6:16  Marine  
  87  6:19  Barracks Reactor, Marauder  
  87  6:20  Barracks Reactor  
  87  6:21  SCV x2  
  87  6:24  Marine x2  
  93  6:26  SCV  
  93  6:31  Marine  
  93  6:32  Supply Depot  
  95  6:34  Terran Infantry Weapons Level 2  
  95  6:37  Terran Infantry Armor Level 2  
  95  6:39  Marine  
  94  6:40  Supply Depot  
  94  6:41  Marauder  
  94  6:43  SCV  
  97  6:47  Marine x2  
  97  6:48  SCV  
  97  6:49  SCV, Marine  
  97  6:52  Refinery  
  97  6:53  Refinery  
  102  6:55  Concussive Shells, Medivac  
  102  6:58  Widow Mine  
  102  6:59  Widow Mine  
  111  7:02  Marauder  
  111  7:06  Marine  
  111  7:07  Marine  
  112  7:11  Command Center  
  112  7:12  Medivac  
  114  7:16  Marine  
  114  7:17  Marine x5  
  120  7:23  Marauder  
  120  7:24  Marine  
  122  7:30  Marine  
  122  7:32  Medivac, Liberator  
  125  7:40  Supply Depot  
  125  7:41  Marine  
  125  7:44  Factory  
  125  7:46  Supply Depot x3, Barracks x2  
  125  7:49  Marauder, Marine x3  
  133  7:57  Liberator  
  133  8:01  Marine x3, Widow Mine x2  
  139  8:13  Marauder, Marine x5  
  149  8:23  Marine x2  
  149  8:24  Marine  
  143  8:29  Command Center  
  143  8:30  Liberator  
  143  8:33  Widow Mine x2  
  147  8:34  Factory Tech Lab, Marauder  
  147  8:35  Barracks Tech Lab x2, Marine  
  147  8:36  Marine  
  150  8:44  Marine x5  
  158  8:49  Starport  
  158  8:50  Planetary Fortress  
  158  8:55  Marine x3  
  158  8:56  Marauder x2  
  158  8:57  Drilling Claws, Widow Mine  
  158  8:58  Marine  
  158  9:02  Marine x3  
  171  9:11  Marine x2  
  171  9:13  Marine x2, Widow Mine x2  
  179  9:22  Supply Depot  
  179  9:23  Supply Depot x2, Liberator  
  179  9:25  Supply Depot  
  179  9:32  SCV, Missile Turret x2  
  179  9:35  SCV x2  
  180  9:41  Marauder x3  
  180  9:44  Marine x6  
  195  9:51  SCV  
  182  9:53  Marine x2  
  182  9:57  Widow Mine x3  
  184  10:01  Starport Reactor  
  184  10:02  Marauder x3, Marine  
  184  10:05  Marine, Medivac  
  184  10:06  Marine  
  190  10:10  Marine x2  
  192  10:17  SCV x2  
  192  10:20  Marine x3  
  192  10:21  Marine  
  198  10:23  Marauder, Marine  
  198  10:24  Marauder  
  198  10:25  SCV  

Tags
 
Add a new tag
Caveats
  • Supply blocks, unpowered buildings, or Contaminate may cause inaccurate times.
  • Supply counts are checked every 10 seconds.